 Dungeon Crawl Stone Soup version 0.32-a0-779-g362cfcae2a (webtiles) character file.

Game seed: 12714497860425516094

40268 Griffin23 the Fencer (level 13, -5/119 HPs)
             Began as a Minotaur Fighter on Mar 19, 2024.
             Was an Initiate of Yredelemnul.
             Incinerated by a deep elf pyromancer (16 damage)
             ... with a pyre arrow
             ... on level 12 of the Dungeon.
             The game lasted 00:51:22 (24642 turns).

Griffin23 the Fencer (Minotaur Fighter)            Turns: 24642, Time: 00:51:23

Health: -5/119     AC: 22    Str: 31    XL:     13   Next: 73%
Magic:  16/16      EV: 12    Int:  5    God:    Yredelemnul [......]
Gold:   513        SH:  0    Dex: 11    Spells: 12/12 levels left

rFire   . . .        a - +0 long sword
rCold   . . .        c - +0 buckler
rNeg    . . .        t - +0 plate armour
rPois   .            Y - +2 hat
rElec   .            (no cloak)
rCorr   .            s - +0 pair of gloves
SInv    .            Z - +1 pair of boots {Stlth+}
Will    .....        L - amulet of magic regeneration Stlth
                     A - +5 ring of evasion
HPRegen 0.39/turn    O - +6 ring of strength
MPRegen 0.55/turn

%: no passive effects
@: confused, on fire, ambrosia-drunk, glowing
A: horns 2, retaliatory headbutt
a: Renounce Religion, Light the Black Torch, Recall Undead Harvest


You were on level 12 of the Dungeon.
You worshipped Yredelemnul.
Yredelemnul was noncommittal.
You visited 3 branches of the dungeon, and saw 17 of its levels.

You collected 1037 gold pieces.
You spent 524 gold pieces at shops.

Inventory:

Hand Weapons
 a - a +0 long sword (weapon)
Missiles
 N - 3 boomerangs
 Q - 2 throwing nets (quivered)
Armour
 b - a +0 scale mail
 c - a +0 buckler (worn)
 s - a +0 pair of gloves (worn)
 t - a +0 plate armour (worn)
 Y - a +2 hat (worn)
 Z - a +1 pair of boots of stealth (worn)
Jewellery
 f - an amulet of faith
 i - a ring of magical power
 A - a +5 ring of evasion (left hand)
 D - a ring of resist corrosion
 K - a ring of willpower
 L - an amulet of magic regeneration (around neck)
 O - a +6 ring of strength (right hand)
 T - a ring of willpower
 U - a ring of magical power
 X - a +6 ring of intelligence
Wands
 p - a wand of flame (38)
 x - a wand of warping (10)
 z - a wand of mindburst (18)
 H - a wand of digging (1)
 I - a wand of charming (7)
 P - a wand of polymorph (18)
Scrolls
 e - 4 scrolls of enchant weapon
 l - 2 scrolls of amnesia
 m - 3 scrolls of immolation
 n - 4 scrolls of noise
 o - 4 scrolls of teleportation
 r - a scroll of poison {unknown}
 v - 2 scrolls of enchant armour
 y - a scroll of butterflies {unknown}
 B - 2 scrolls of silence
 C - 4 scrolls of blinking
 E - a scroll of fear {unknown}
 F - a scroll of fog {unknown}
 G - 2 scrolls of revelation
 J - a scroll of torment {unknown}
 R - a scroll of vulnerability {unknown}
 S - 2 scrolls of brand weapon
 V - a scroll of identify
Potions
 d - a potion of might
 g - a potion of degeneration {unknown}
 h - 2 potions of berserk rage {unknown}
 j - 2 potions of magic {unknown}
 k - 5 potions of haste
 q - 3 potions of ambrosia
 u - 2 potions of brilliance {unknown}
 w - 4 potions of lignification
 M - a potion of attraction {unknown}


   Skills:
 + Level 12.8 Fighting
 + Level 16.9 Long Blades
 + Level 12.9 Armour
 - Level 12.4 Shields
 + Level 5.8 Invocations
 + Level 5.4 Evocations


You had 12 spell levels left.
You didn't know any spells.
Your spell library contained the following spells:

 Spells                   Type           Power      Damage    Failure   Level
 Apportation              Tloc           0%         N/A       98%         1
 Foxfire                  Conj/Fire      0%         2x1d4     98%         1
 Magic Dart               Conj           0%         1d3       98%         1
 Necrotise                Necr           0%         1d4       98%         1
 Sandblast                Erth           0%         2d4       98%         1
 Slow                     Hex            0%         N/A       98%         1
 Sting                    Conj/Alch      0%         1d3       98%         1
 Summon Small Mammal      Summ           0%         N/A       98%         1
 Blink                    Tloc           0%         N/A       99%         2
 Call Imp                 Summ           0%         N/A       99%         2
 Call Canine Familiar     Summ           0%         N/A       100%        3
 Confusing Touch          Hex            0%         N/A       100%        3
 Stone Arrow              Conj/Erth      0%         3d7       100%        3
 Summon Ice Beast         Ice/Summ       0%         N/A       100%        3
 Vampiric Draining        Necr           0%         2d6       100%        3
 Animate Armour           Summ/Erth      0%         N/A       100%        4
 Brom's Barrelling Bould  Conj/Erth      0%         2d3       100%        4
 Olgreb's Toxic Radiance  Alch           0%         N/A       100%        4
 Summon Blazeheart Golem  Fire/Summ      0%         N/A       100%        4
 Summon Lightning Spire   Summ/Air       0%         N/A       100%        4
 Lee's Rapid Deconstruct  Erth           0%         3d4*      100%        5
 Summon Forest            Summ/Tloc      0%         N/A       100%        5
 Summon Mana Viper        Hex/Summ       0%         N/A       100%        5
 Eringya's Noxious Bog    Alch           0%         4d6       100%        6
 Plasma Beam              Fire/Air       0%         2x1d10    100%        6
 Starburst                Conj/Fire      0%         6d3       100%        6
 Monstrous Menagerie      Summ           0%         N/A       100%        7
 Ozocubu's Refrigeration  Ice            0%         4d7       100%        7
 Summon Hydra             Summ           0%         N/A       100%        7
 Discord                  Hex            0%         N/A       100%        8


Dungeon Overview and Level Annotations

Branches:
Dungeon (12/15)            Temple (1/1) D:4            Lair (4/5) D:10
  Swamp (0/4) Lair:3       Spider (0/4) Lair:3          Orc (0/2) D:9
  Slime: Lair:4-5

Altars:
Ashenzari
Cheibriados
Dithmenos
Elyvilon
Fedhas
Gozag
Hepliaklqana
Kikubaaqudgha
Makhleb
Nemelex Xobeh
Okawaru
Qazlal
Ru
Sif Muna
Trog
Uskayaw
Vehumet
Wu Jian
Xom
Yredelemnul
Zin
The Shining One

Shops:
D:6 (   D:7 [   D:8 !**

Annotations:
Lair:4 7 runed translucent doors, Ahar's ghost, journeyman HONe


Innate Abilities, Weirdness & Mutations

You have a pair of horns on your head.
You reflexively headbutt those who attack you in melee.


Message History

There is a stone staircase leading down here.
You hit the deep elf pyromancer.
The deep elf pyromancer is heavily wounded.
The deep elf pyromancer hits you but does no damage.
The troll closely misses you.
The troll claws you but does no damage. x2
You hit the deep elf pyromancer.
Your headbutt misses the deep elf pyromancer.
The deep elf pyromancer is heavily wounded.
The deep elf pyromancer casts a spell at you.
The pyre arrow hits you.
You are covered in intense liquid fire!
The troll bites you but does no damage. You block the troll's attack.
The troll barely misses you.
You barely miss the deep elf pyromancer.
The deep elf pyromancer is heavily wounded.
The liquid fire burns you!
You block the deep elf pyromancer's attack.
You barely miss the deep elf pyromancer.
The deep elf pyromancer is heavily wounded.
The liquid fire burns you! You block the troll's attack.
The troll claws you but does no damage. You block the troll's attack.
You are confused.
You feel invigorated. The liquid fire burns you!
* * * LOW HITPOINT WARNING * * *
The deep elf pyromancer mumbles some strange words.
The troll bites you!
* * * LOW HITPOINT WARNING * * *
The troll claws you!
* * * LOW HITPOINT WARNING * * *
The troll claws you but does no damage.
You are too confused!
Okay, then.
You are too confused!
Okay, then.
You're too confused to move!
The liquid fire burns you!
You die...
Your body rises from the dead as a mindless zombie.

#####..####.#
#.......
##....#.#######
#........
#.##Z.........
#........
#...Z#.######
......... ####.#.#
###.....#<..# #.#.#
... ........ #.#.###
#.# ...
####.....###..#....
(...........@......$
######....E.eT..##..
#....##..E.#
#....##....#
#....##!)..#
#######....# #......
#.....## .......


You could see a deep elf pyromancer, a troll and 2 fire elementals.

Vanquished Creatures
  An eleionoma (Lair:3)
  A hydra (Lair:4)
  A centaur warrior (D:12)
  3 two-headed ogres
  A skyshark (Lair:2)
  A manticore (D:11)
  3 ugly things (D:11)
  A cyclops (D:11)
  A black mamba (Lair:1)
  Jeremiah (D:6)
  8 cane toads
  A gargoyle (D:10)
  An orange demon (Lair:2)
  A rime drake (Lair:2)
  5 komodo dragons
  A queen bee (Lair:2)
  3 freezing wraiths (Lair:2)
  A polar bear (Lair:3)
  4 trolls
  2 hornets (D:7)
  3 tarantellas (Lair:4)
  2 dream sheep (Lair:3)
  12 blink frogs
  2 culicivoras (Lair:3)
  A jumping spider (Lair:3)
  4 wyverns
  4 vampires (Lair:2)
  2 wraiths (Lair:2)
  Grum (D:7)
  26 yaks
  2 basilisks (Lair:2)
  3 vampire mosquitoes (D:11)
  2 steam dragons (D:7)
  11 water moccasins
  A cane toad zombie (Lair:4)
  An orc warrior (D:11)
  4 sky beasts
  5 black bears
  An ice beast (D:7)
  9 wolves
  2 ogres
  9 centaurs
  2 crocodiles (D:7)
  3 phantoms
  10 bullfrogs
  3 gnoll sergeants
  4 scorpions
  4 wights
  40 killer bees
  2 howler monkeys
  A bombardier beetle (D:4)
  9 hounds
  8 orc priests
  3 jellies
  A gnoll bouda (D:8)
  16 orc wizards
  6 iguanas
  20 gnolls
  8 adders
  A shadow imp (D:8)
  2 white imps
  A ribbon worm (D:2)
  28 orcs
  10 endoplasms
  2 giant cockroaches
  10 goblins
  9 hobgoblins
  4 quokkas
  6 ball pythons
  2 bats
  2 frilled lizards (D:2)
  5 kobolds
  3 rats (D:1)
373 creatures vanquished.

Vanquished Creatures (collateral kills)
  2 hydras (Lair:4)
  A two-headed ogre (D:11)
  Amaemon (Lair:2)
  A black mamba (Lair:4)
  7 cane toads
  A rime drake (Lair:4)
  2 komodo dragons (Lair:4)
  A hornet (D:9)
  A troll (D:12)
  3 blink frogs
  2 dream sheep (Lair:3)
  6 yaks
  A basilisk (Lair:4)
  A redback (Lair:4)
  A water moccasin (Lair:4)
  An orc warrior (D:8)
  A black bear (Lair:1)
  A sky beast (D:7)
  An ogre (D:5)
  5 wolves (Lair:1)
  3 centaurs
  Blork the orc (D:5)
  5 bullfrogs
  A gnoll sergeant (D:7)
  A scorpion (D:6)
  2 wights (D:9)
  A killer bee (Lair:2)
  A hound (D:7)
  A jelly (D:7)
  An iguana (D:5)
  2 gnolls
  An adder (D:2)
  A ribbon worm (D:2)
  4 orcs
65 creatures vanquished.

Vanquished Creatures (others)
  A spectral hydra (Lair:4)
  A black mamba zombie (Lair:1)
  2 cane toad zombies (Lair:4)
  A dream sheep zombie (Lair:3)
  2 blink frog zombies
  A rime drake zombie (Lair:2)
  3 komodo dragon zombies
  4 water moccasin zombies
  4 yak zombies
  A queen bee zombie (Lair:2)
  A troll zombie (D:12)
  A basilisk zombie (Lair:2)
  A bullfrog zombie (D:9)
  3 centaur zombies (D:12)
  A scorpion zombie (D:5)
  8 killer bee zombies
  An ice beast zombie (D:7)
  A hound zombie (D:7)
  A steam dragon zombie (D:7)
  An adder zombie (D:5)
  An iguana zombie (D:7)
  11 gnoll zombies
  A ball python zombie (D:3)
  A goblin zombie (D:8)
  8 orc zombies
61 creatures vanquished.

Grand Total: 499 creatures vanquished

Notes
Turn   | Place    | Note
-------+----------+-------------------------------------------
     0 | D:1      | Griffin23 the Minotaur Fighter began the quest for the Orb.
     0 | D:1      | Reached XP level 1. HP: 19/19 MP: 0/0
   149 | D:1      | Reached XP level 2. HP: 27/27 MP: 1/1
   243 | D:1      | Reached skill level 3 in Long Blades
   267 | D:1      | Reached XP level 3. HP: 13/33 MP: 2/2
  1004 | D:2      | Found a faded altar of an unknown god.
  1036 | D:2      | Prayed at the altar of an unknown god.
  1036 | D:2      | Became a worshipper of Yredelemnul the Fallen
  1036 | D:2      | Reached * piety under Yredelemnul
  1051 | D:2      | Reached XP level 4. HP: 35/40 MP: 3/3
  1628 | D:3      | Reached skill level 4 in Long Blades
  1881 | D:3      | Reached XP level 5. HP: 47/47 MP: 4/4
  2015 | D:3      | Found a transporter.
  2016 | D:3      | Found a white marble altar of Elyvilon.
  2035 | D:3      | Found a transporter.
  2770 | D:4      | Found a staircase to the Ecumenical Temple.
  3091 | D:4      | Found a basalt altar of Yredelemnul.
  3173 | D:4      | Noticed a phantom
  3179 | D:4      | Killed a phantom
  3180 | D:4      | Reached skill level 5 in Long Blades
  3180 | D:4      | Reached skill level 5 in Shields
  3180 | D:4      | Reached XP level 6. HP: 55/55 MP: 5/5
  3454 | D:4      | Reached skill level 5 in Fighting
  3454 | D:4      | Reached skill level 5 in Armour
  3599 | D:5      | Entered Level 5 of the Dungeon
  3647 | D:5      | Reached skill level 6 in Long Blades
  3647 | D:5      | Reached XP level 7. HP: 46/61 MP: 6/6
  3908 | D:5      | Reached skill level 7 in Long Blades
  3994 | D:5      | Found an iron altar of Okawaru.
  4316 | D:5      | Reached XP level 8. HP: 36/70 MP: 7/7
  4741 | D:5      | Found a hazy altar of Hepliaklqana.
  4741 | D:5      | Noticed Blork the orc
  4742 | D:5      | Found a faded altar of an unknown god.
  4749 | D:5      | Killed Blork the orc
  4915 | D:6      | Reached skill level 8 in Long Blades
  5014 | D:6      | Noticed Jeremiah
  5034 | D:6      | Killed Jeremiah
  5094 | D:6      | Reached skill level 9 in Long Blades
  5336 | D:6      | Found Faefacer's Weapon Emporium.
  5499 | D:7      | Found a snail-covered altar of Cheibriados.
  5499 | D:7      | Found a bloodstained altar of Trog.
  5548 | D:7      | Reached XP level 9. HP: 79/79 MP: 8/8
  5576 | D:7      | Found Sizimn's Antique Armour Shop.
  5866 | D:7      | Reached skill level 10 in Long Blades
  6210 | D:7      | Noticed Grum
  6222 | D:7      | Killed Grum
  6446 | D:7      | Reached skill level 11 in Long Blades
  6489 | D:7      | Reached XP level 10. HP: 79/90 MP: 9/9
  7012 | D:7      | Noticed a two-headed ogre
  7032 | D:7      | Killed a two-headed ogre
  7262 | D:7      | Reached skill level 12 in Long Blades
  7960 | D:8      | Found Agret's Assorted Antiques.
  8068 | D:8      | Bought a scroll of identify for 60 gold pieces
  8269 | D:8      | Found a flagged portal.
  8277 | D:8      | Found Muthe's General Store.
  8283 | D:8      | Found Aziujuix's Distillery.
  8284 | D:8      | Bought a scroll of teleportation for 39 gold pieces
  8284 | D:8      | Bought a wand of digging (4) for 218 gold pieces
  8295 | D:8      | Bought a potion of heal wounds for 65 gold pieces
  8539 | D:8      | Found a hide-covered altar of Uskayaw.
  8759 | D:8      | Found a shimmering blue altar of Sif Muna.
  9368 | D:9      | Found a staircase to the Orcish Mines.
  9479 | D:9      | Paralysed by a hornet for 3 turns
  9839 | D:9      | Noticed a two-headed ogre
  9846 | D:9      | Killed a two-headed ogre
  9847 | D:9      | Reached skill level 13 in Long Blades
  9847 | D:9      | Reached XP level 11. HP: 50/99 MP: 10/10
 10007 | D:9      | Reached skill level 10 in Armour
 10231 | D:9      | Noticed a two-headed ogre
 10243 | D:9      | Killed a two-headed ogre
 10244 | D:9      | Reached skill level 10 in Fighting
 10244 | D:9      | Reached skill level 10 in Shields
 10605 | D:10     | Entered Level 10 of the Dungeon
 10730 | D:10     | Found a staircase to the Lair.
 10785 | D:10     | Found a stormy altar of Qazlal.
 11595 | D:10     | Found the +3 robe of Clouds {*Thunder rCloud rElec}
 11991 | Lair:1   | Entered Level 1 of the Lair of Beasts
 12065 | Lair:1   | Reached skill level 14 in Long Blades
 12566 | Lair:1   | Reached skill level 1 in Invocations
 12566 | Lair:1   | Reached skill level 1 in Evocations
 14294 | Lair:2   | Noticed Amaemon
 14305 | Lair:2   | Killed Amaemon
 14306 | Lair:2   | Reached XP level 12. HP: 91/110 MP: 12/12
 14777 | Lair:2   | Reached skill level 15 in Long Blades
 15916 | Lair:2   | Fell from the grace of Yredelemnul
 16574 | Lair:2   | HP: 2/110 [something (6)]
 17268 | Temple   | Entered the Ecumenical Temple
 17429 | D:2      | Became a worshipper of Yredelemnul the Fallen
 18084 | Lair:2   | HP: 2/110 [something (11)]
 19687 | Lair:3   | Found a staircase to the Swamp.
 19687 | Lair:3   | Noticed an eleionoma
 19724 | Lair:3   | Killed an eleionoma
 19787 | Lair:3   | Reached skill level 16 in Long Blades
 19787 | Lair:3   | Reached XP level 13. HP: 60/118 MP: 15/15
 20146 | Lair:3   | Found a hole to the Spider Nest.
 21615 | Lair:4   | Found a runed translucent door.
 21616 | Lair:4   | Noticed Ahar's ghost (journeyman HONe)
 21855 | Lair:4   | Reached skill level 5 in Invocations
 22251 | Lair:4   | Found a runed translucent door.
 22436 | Lair:4   | Found the +8 whip "Snakebite" {venom, curare, rPois}
 22469 | Lair:4   | Found a runed translucent gate.
 22626 | Lair:4   | Found a runed translucent gate.
 22627 | Lair:4   | Found a runed translucent gate.
 22627 | Lair:4   | Found a runed translucent gate.
 22627 | Lair:4   | Found a runed translucent gate.
 22628 | Lair:4   | Found a runed translucent gate.
 22997 | D:7      | Bought a pair of embroidered boots for 142 gold pieces
 23632 | D:11     | Identified the +6 mace of Joik {antimagic, Int+3}
 23668 | D:11     | Reached skill level 5 in Evocations
 24642 | D:12     | Incinerated by a deep elf pyromancer

Illustrated notes

Levels and vault maps discovered:
D:1:      lemuel_arrival_rhombus, layout_basic, minmay_hexomino_r4
D:2:      layout_basic, ebering_ecumenical_altar_webs, bh_walls_and_bars
D:3:      cheibrodos_pilgrimage, layout_basic, elyvilon_altar_4, serial_curves,
          eino_curves_03, eino_curves_04, corexii_item_surrounded_by_moat
D:4:      layout_basic, mainiacjoe_overflow_boulevard,
          minmay_temple_entry_offerings, minmay_box_of_dots
D:5:      layout_gridville, mainiacjoe_overflow_small_starburst,
          beargit_hepliaklqana_dungeon_heroes, serial_rivers,
          chequers_serial_rivers_marsh, chequers_serial_rivers_micro_b,
          chequers_serial_rivers_room_b, chequers_serial_rivers_large_a,
          chequers_serial_rivers_micro_a
D:6:      hellmonk_ruined_rings, layout_rooms, serial_shops,
          nicolae_shop_rolling_square, uniq_jeremiah
D:7:      regret_index_malice_mire, layout_cave_pods,
          chequers_temple_overflow_statue_of_worship, serial_gnoll_camp,
          gnoll_camp_mini_shop, gnoll_camp_mini_house, grums_kennel,
          gnoll_camp_mini_loothouse, amcnicky_mini_pool_small,
          nicolae_concentric_dashed_squares_mild
D:8:      layout_basic, led_sif_pool, amcnicky_altar_gilded, serial_shops, shop,
          shop, nicolae_shop_advertising_works [nicolae_subvault_shop_adworks],
          enter_bailey_3, grunt_decor_cap, minivault_19,
          minmay_stone_trees_small
D:9:      layout_roguey, orc_0_dummy, nicolae_twisty_statue_hallways
D:10:     layout_small_grid, lemuel_tele_altar, lair_entry_dummy
D:11:     minmay_wavy_crystal, layout_irregular_city
D:12:     layout_rooms
Temple:   nicolae_temple_figure_eight
Lair:1:   layout_cave_pods, grunt_megastairs_3
Lair:2:   layout_cave_pods, special_room [special_room_bee],
          chequers_serial_rivers_room_b, beast_lair_carwin_8, uniq_amaemon
Lair:3:   layout_cave_pods, alex1729_swamp_entry_worm_eleionoma,
          nicolae_spider_entry_tight_spaces, grunt_megastairs_1
Lair:4:   gammafunk_indiana_jones, layout_hall_layers, gammafunk_ghost_grave,
          amcnicky_mini_pool_medium

Skill      XL: |  1  2  3  4  5  6  7  8  9 10 11 12 13 |
---------------+----------------------------------------+-----
Long Blades    | 3 4 5 6 7 9 11 13 14 16 | 16.9
Shields        | 4 5 6 7 8 9 11 12 | 12.4
Armour         | 4 5 6 7 8 9 11 12 | 12.9
Fighting       | 4 5 6 7 8 9 11 12 | 12.8
Invocations    | 2 4 5 |  5.8
Evocations     | 1 4 5 |  5.4

Action                     |  1- 3 |  4- 6 |  7- 9 | 10-12 | 13-15 || total
---------------------------+-------+-------+-------+-------+-------++-------
  Melee: Long sword        |    67 |   119 |   247 |  1074 |   308 ||  1815
         Headbutt          |    13 |    20 |    52 |   232 |    83 ||   400
 Invoke: Light the Black T |       |       |       |     3 |     1 ||     4
         Recall Undead Har |       |       |       |       |     1 ||     1
  Evoke: Wand              |       |       |       |     8 |    10 ||    18
    Use: Scroll            |       |       |     9 |    11 |     1 ||    21
         Potion            |       |       |     1 |     6 |     4 ||    11
   Stab: Distracted        |       |     4 |       |     3 |     1 ||     8
 Armour: Scale mail        |    42 |    24 |       |       |       ||    66
         Plate armour      |       |    65 |   212 |   793 |   209 ||  1279
         Skin              |       |       |       |       |    93 ||    93
  Dodge: Dodged            |    30 |    42 |   134 |   552 |   186 ||   944
  Block: Buckler           |    16 |    28 |    83 |   336 |    96 ||   559

Table legend: (Time is in decaauts)
 A = Elapsed time spent in this place.
 B = Non-inter-level travel time spent in this place.
 C = Inter-level travel time spent in this place.
 D = Time resting spent in this place.
 E = Time spent auto-exploring this place.
 F = Levels seen in this place.
 G = Mean time per level.
                   A        B        C        D        E       F      G
               +--------+--------+--------+--------+--------+-----+--------+
         Total |  24399 |  21955 |   2444 |   4640 |  14199 |  17 | 1435.2 |
       Dungeon |  14112 |  12329 |   1783 |    528 |   9790 |  12 | 1176.0 |
        Temple |    113 |      2 |    111 |      0 |      0 |   1 |  113.0 |
          Lair |  10173 |   9624 |    549 |   4112 |   4409 |   4 | 2543.2 |
               +--------+--------+--------+--------+--------+-----+--------+

Top non-repeatable levels by time:
  Lair:2: 4190 daAuts
     D:7: 2793 daAuts
  Lair:3: 2228 daAuts
  Lair:1: 1997 daAuts
  Lair:4: 1757 daAuts
     D:5: 1504 daAuts
    D:10: 1499 daAuts
    D:11: 1295 daAuts
     D:9: 1247 daAuts
     D:3: 1195 daAuts
     D:8: 1167 daAuts
     D:4: 905 daAuts
     D:2: 885 daAuts
     D:1: 796 daAuts
     D:6: 633 daAuts
